cohdb
Replays
Latest Replays
All Replays
Popular Replays
Top Player Replays
Match Explorer
How It Works
Community
CoH3 Stats
Reddit
Sign in to upload your games and track your stats! →
Sign in with Steam
Match 46216984
Unlisted
Match 46216984
Overview
Messages
Build Orders
End
Construct Section Command Post
Selects Air and Sea Battlegroup
Dingo Light Scout Car
Dingo Light Scout Car
Vickers Machine Gun Team
Construct Platoon Command Post
Selects Supply Surplus
Construct Resource Cache
Construct Resource Cache
Construct Resource Cache
Humber Armored Car
Humber Armored Car
Selects UNKNOWN (223837)
Royal Engineer Section
Royal Engineer Section
Construct Company Command Post
Foot Guards Section
Foot Guards Section
Unlock M3 Grant Medium Tanks
M3 Grant Medium Tank
Infantry Training
Selects Assault Flares
Foot Guards Section
Assault Flares
M3 Grant Medium Tank
Assault Flares
M3 Grant Medium Tank
Drink||Chouchen
Drink||Karmeliet
Drink||PiconBiere
Duffman™
Kampfstärke
Grunk
0
0
Comments
sign in to comment!
No comments posted yet!